Cogmind - Beta 14 @@@ ROGUE MODE // 2024.11.10 @ 14:57:17 Player: Fangrelle Result: Destroyed by G-47 Trooper with Particle Gun Performance ------------- Evolutions (0) 0 Regions Visited (1) 200 Robots Destroyed (24) 120 Value Destroyed (538) 538 Prototype IDs (0) 0 Alien Tech Used (0) 0 Bonus (0) 0 TOTAL SCORE: 858 Bonus ------- None Cogmind --------- Core Integrity 0/250 Matter 235/300 Energy 100/100 System Corruption 0% Temperature Cool (27) Movement Treading (320) Ox2 Location -10/Materials Parts ------- > --- POWER (1) -------- (None) > --- PROPULSION (2) --- Light Treads > --- UTILITY (2) ------ High-capacity Storage Unit Sensor Array > --- WEAPON (2) ------- Assault Rifle Assault Rifle > --- INVENTORY (20) --- Wheel Compact Wheel High-capacity Storage Unit Huge Storage Unit Cargo Storage Unit Visual Processing Unit Visual Processing Unit Sensor Array Signal Interpreter Signal Interpreter Seismic Detector Grenade Launcher Mining Laser Hammer Mining Claw Mining Claw Peak State ------------ > --- POWER ------------ Ion Engine > --- PROPULSION ------- Light Treads Light Treads > --- UTILITY ---------- High-capacity Storage Unit Sensor Array > --- WEAPON ----------- Assault Rifle Assault Rifle > --- INVENTORY -------- Light Ion Engine Wheel Compact Wheel High-capacity Storage Unit Huge Storage Unit Cargo Storage Unit Visual Processing Unit Visual Processing Unit Sensor Array Signal Interpreter Signal Interpreter Seismic Detector Assault Rifle Grenade Launcher Mining Laser Hammer Mining Claw [Rating: 9] Favorites ----------- Power Ion Engine Engine Ion Engine Propulsion Light Treads Treads Light Treads Utility High-capacity Storage Unit Device Sensor Array Storage High-capacity Storage Unit Processor Transport Network Coupler Weapon Assault Rifle Ballistic Gun Assault Rifle Impact Weapon Hammer Build | -11 -10 ------- Run | Yrd Mat Slots Evolved . | . . Power . | . . Propulsion . | . . Utility . | . . Weapon . | . . Parts Attached 17 | 7 10 Power 2 | 1 1 Engine 2 | 1 1 Core . | . . Reactor . | . . Propulsion 2 | 2 . Treads 2 | 2 . Leg . | . . Wheel . | . . Hover . | . . Flight . | . . Utility 6 | 2 4 Device 2 | 1 1 Storage 3 | 1 2 Processor 1 | . 1 Hackware . | . . Protection . | . . Artifact . | . . Weapon 7 | 2 5 Energy Gun . | . . Energy Cannon . | . . Ballistic Gun 6 | 2 4 Ballistic Cannon . | . . Launcher . | . . Special Weapon . | . . Impact Weapon 1 | . 1 Slashing Weapon . | . . Piercing Weapon . | . . Special Melee Weapon . | . . Unidentified Prototypes . | . . Parts Lost 4 | . 4 Power 1 | . 1 Propulsion 1 | . 1 Utility . | . . Weapon 2 | . 2 Highest Loss Streak 2 | . 2 To Critical Strikes . | . . Average Slot Usage (%) 99 | . 99 Engine 14 | . 14 Treads 27 | . 27 Device 10 | . 10 Storage 14 | . 14 Processor 3 | . 3 Ballistic Gun 27 | . 27 Peak Build Rating 9 | 7 9 Average Rating 7 | 5 7 On Entrance 3 | . 7 Naked Turns . | . . Heaviest Build 50 | 14 50 Greatest Support 40 | 40 40 Greatest Overweight (x) 2 | . 2 Average Overweight (x) . | . . Largest Inventory Capacity 20 | 8 20 Average Capacity 16 | 7 18 Most Carried 19 | 4 19 Average Carried 10 | 2 12 Final Capacity 20 | 8 20 Final Carried 17 | 4 17 Class Distribution -------------------- 100% | Mutant Dominant Class ---------------- Mutant | -10/Materials Resources | -11 -10 ----------- Run | Yrd Mat Matter Collected 821 | 276 545 Remotely . | . . Salvage Created 884 | 137 747 Parts 56 | 9 47 Haulers Intercepted 1 | . 1 Recyclers Shooed . | . . Parts Field Recycled . | . . Retrieved Matter . | . . Parts Self-Destructed . | . . Prevented . | . . Kills | -11 -10 ------- Run | Yrd Mat Combat Hostiles Destroyed 15 | . 15 Melee 1 | . 1 Guns 14 | . 14 Classes Destroyed 8 | 3 5 Worker 1 | 1 . Tunneler 2 | 2 . Hauler 1 | . 1 Recycler 2 | 1 1 Mechanic 1 | . 1 Watcher 2 | . 2 Swarmer 3 | . 3 Grunt 12 | . 12 Best Kill Streak 4 | 2 4 Combat Bots Only 3 | . 3 Max Kills in Single Turn 2 | 1 2 Gunslinging 1 | . 1 Exploded . | . . Melee 1 | . 1 Uniques/NPCs Destroyed . | . . Combat | -11 -10 -------- Run | Yrd Mat Hostile Shots Fired 102 | . 102 Missed 21 | . 21 Damage Taken 955 | . 955 Core 261 | . 261 Absorbed by Shields . | . . Core Remaining (%) 100 | 100 . Volleys Fired 98 | 23 75 Largest 2 | 2 2 Hottest 40 | 40 40 Shots Fired 194 | 46 148 Gun 194 | 46 148 Cannon . | . . Launcher . | . . Special . | . . Kinetic 194 | 46 148 Thermal . | . . Explosive . | . . Electromagnetic . | . . Robot Hit Streak 17 | 9 17 Robot Miss Streak 4 | 4 3 Penetration Max . | . . Secondary Targets 2 | . 2 Max Gunslinging Chain 1 | . 1 Shots Hit Robots 141 | 30 111 Core Hits 41 | 7 34 Critical Kills 1 | . 1 Critical Parts Destroyed . | . . Critical Strikes 1 | . 1 Destroy 1 | . 1 Melee Attacks 13 | . 13 Impact 13 | . 13 Slashing . | . . Piercing . | . . Sneak Attacks . | . . Combat Hostiles . | . . Follow-up Attacks . | . . Damage Inflicted 1963 | 302 1661 Guns 1571 | 302 1269 Cannons . | . . Explosions . | . . Melee 392 | . 392 Ramming . | . . Kinetic 1571 | 302 1269 Thermal . | . . Explosive . | . . Electromagnetic . | . . Impact 392 | . 392 Slashing . | . . Piercing . | . . Highest Corruption . | . . Average Corruption . | . . Corruption Purged . | . . Corruption Blocked . | . . Overload Shots . | . . Overflow Damage 17 | . 17 Projectiles . | . . Explosions . | . . Melee 17 | . 17 Knockbacks 1 | . 1 Impact 1 | . 1 Kinetic . | . . Secondary . | . . Self-Inflicted Damage . | . . Shots . | . . Rammed . | . . Targets Rammed . | . . Kicked . | . . Crushed . | . . Highest Temperature 8 | . 8 Average Temperature 2 | . 2 Received Heat Transfer 489 | . 489 Siege Activations . | . . Robots Corrupted . | . . Combat Hostiles . | . . Parts Fried 1 | . 1 Impact Corruptions 1 | . 1 Robots Melted . | . . Combat Hostiles . | . . Parts Melted . | . . Heat Transferred . | . . Parts Sabotaged . | . . Parts Stolen . | . . Parts Stripped . | . . Power Chain Reactions . | . . Alert | -11 -10 ------- Run | Yrd Mat Peak Influence 205 | 20 205 Initial 13 | . 13 Average 74 | 8 85 Maximum Alert Level 1 | . 1 Low Security (%) 99 | 100 99 Level 1 . | . . Level 2 . | . . Level 3 . | . . Level 4 . | . . Level 5 . | . . High Security . | . . Max Security . | . . Squads Dispatched 2 | . 2 Investigation 2 | . 2 Extermination . | . . Reinforcement . | . . Assault . | . . Garrison . | . . Intercept . | . . Searches Triggered . | . . Construction Impeded . | . . Haulers Reinforced . | . . Active Scanning Responses . | . . Cargo Convoy Interrupts . | . . Stealth | -11 -10 --------- Run | Yrd Mat Distress Signals 2 | . 2 Communications Jammed . | . . Distress Signals . | . . Times Spotted 21 | . 21 Peak Tracking Total 4 | . 4 Tactical Retreats 1 | . 1 Traps | -11 -10 ------- Run | Yrd Mat Traps Triggered 1 | . 1 Indirectly . | . . Trap Hack Attempts . | . . Triggered . | . . Disarmed . | . . Reprogrammed . | . . Reused . | . . Traps Extracted . | . . Installed . | . . Triggered . | . . Machines | -11 -10 ---------- Run | Yrd Mat Machines Disabled . | . . Max in Single Turn . | . . Machines Repaired . | . . Machines Dismantled . | . . Machines Sabotaged . | . . Overloaded Fab Kills . | . . Hacking | -11 -10 --------- Run | Yrd Mat Machines Accessed 2 | . 2 Terminals 1 | . 1 Fabricators . | . . Repair Stations . | . . Recycling Units 1 | . 1 Scanalyzers . | . . Garrison Access . | . . Total Hacks 6 | . 6 Successful 5 | . 5 Failed 1 | . 1 Catastrophic . | . . Database Lockouts . | . . Manual 4 | . 4 Terminals 3 | . 3 Fabricators . | . . Repair Stations . | . . Recycling Units 3 | . 3 Scanalyzers . | . . Garrison Access . | . . Terminal Hacks 1 | . 1 Robot Analysis 1 | . 1 Fabricator Hacks . | . . Repair Station Hacks . | . . Recycling Unit Hacks 2 | . 2 Report Inventory 1 | . 1 Retrieve Components 1 | . 1 Scanalyzer . | . . Garrison Access Hacks . | . . Unauthorized Hacks 2 | . 2 Terminals 1 | . 1 Botnet 1 | . 1 Fabricators . | . . Repair Stations . | . . Recycling Units 1 | . 1 Tunnel 1 | . 1 Scanalyzers . | . . Garrison Access . | . . Data Cores Recovered . | . . Used . | . . Hacking Detections 1 | . 1 Full Trace Events . | . . Feedback Events . | . . Feedback Blocked . | . . Robot Schematics Acquired . | . . Robots Built . | . . Authchips . | . . Time . | . . Total Robot Build Rating . | . . Part Schematics Acquired . | . . Parts Built . | . . Authchips . | . . Time . | . . Total Part Build Rating . | . . Parts Repaired . | . . Time . | . . Parts Recycled . | . . Recycled Matter . | . . Retrieved Matter . | . . Retrieved Components 3 | . 3 Parts Scanalyzed . | . . Part Schematics Acquired . | . . Parts Damaged . | . . Bothacking | -11 -10 ------------ Run | Yrd Mat Used RIF Installer . | . . Robots Hacked . | . . Non-combat . | . . Combat . | . . Robot Hacks Applied . | . . Relay Couplers Released . | . . Fabnet Peak Effective % . | . . Robots Rewired . | . . Allies Hacked . | . . Hacks Repelled . | . . Allies | -11 -10 -------- Run | Yrd Mat Total Allies . | . . Largest Group . | . . Highest-Rated Group . | . . Highest-Rated Ally . | . . Total Orders . | . . Ally Attacks . | . . Total Damage . | . . Kills . | . . Allies Corrupted . | . . Allies Melted . | . . Intel | -11 -10 ------- Run | Yrd Mat Robot Analysis Total 1 | . 1 Derelict Logs Recovered . | . . Drone Launches . | . . Drone Recoveries . | . . Exploration | -11 -10 ------------- Run | Yrd Mat Turns Passed 1418 | 206 1212 Spaces Moved 498 | 84 414 Core 6 | 6 . Treads 492 | 78 414 Legs . | . . Wheels . | . . Hover . | . . Flight . | . . Fastest Speed 50 | 50 160 Average Speed 209 | 152 220 Slowest Speed 320 | 160 320 Overloaded Moves . | . . Propulsion Burnouts . | . . Robots Hopped . | . . Cave-ins Triggered . | . . Exploration Rate (%) 30 | 5 56 Regions Visited 1 Branch Regions . Pre-discovered Areas 1 | . 1 Known Exits Taken . | . . Unknown Exits Taken 1 | 1 . Scrap Searched . | . . Spaces Dug . | . . Terrain Destroyed . | . . Melee . | . . Projectile . | . . AOE . | . . Terrain Rammed . | . . Walls Destroyed . | . . Machines Disabled . | . . Actions | -11 -10 --------- Run | Yrd Mat Total 657 | 117 540 Wait 10 | . 10 Move 497 | 83 414 Hop . | . . Pick Up 16 | 4 12 Fast Attach 11 | 7 4 Attach 2 | . 2 Detach 2 | . 2 Swap 4 | . 4 Drop 4 | . 4 Fire 98 | 23 75 Melee 13 | . 13 Ram . | . . Kick . | . . Crush . | . . Escape Stasis . | . . Rewire . | . . Trap . | . . Miscellaneous . | . . Route ------- -11/Scrapyard -10/Materials (discovered 1 exit: [*Mat]) History --------- Turn | Location | Event 3 | -11/Scrapyard | Discovered new exit (range 15) 207 | -11/Scrapyard | Entered Materials 301 | -10/Materials | Build established: Mutant 331 | -10/Materials | Discovered new exit (range 10) 1337 | -10/Materials | Core integrity fell below 50% 1410 | -10/Materials | Core integrity fell below 20% 1419 | -10/Materials | Destroyed by G-47 Trooper with Particle Gun Last Messages --------------- 01365_ K-01 Serf collects debris. 01367_ R-06 Scavenger collects Aluminum Leg. 01369_ R-06 Scavenger collects Heat Sink. 01371_ K-01 Serf collects debris. 01372_ Dropped Ion Engine. 01373_ Acquired 59 matter. 01373_ R-06 Scavenger collects Ion Engine. 01380_ K-01 Serf collects debris. 01382_ A-02 Transporter destroyed. 01383_ R-06 Scavenger collects Signal Interpreter. 01384_ R-06 Scavenger collects Weight Redist. System. 01385_ K-01 Serf collects debris. 01405_ U-05 Engineer destroyed. 01405_ K-01 Serf collects debris. 01413_ Lgt. Ion Engine destroyed. 01413_ K-01 Serf collects debris. 01416_ G-34 Mercenary destroyed. 01416_ Switching to secondary target: G-47 Trooper. 01419_ K-01 Serf collects debris. 01419_ Critical hit (Burn: +37). Map ----- +----------------------------------------------------+ | ?????????????????????????????????????????????????? | | ?????????????????????????????????????????????????? | | ?????????????????????????????????????????????????? | | ?????????????????????????????????????????????????? | | ?????????????????????????????????????????????????? | | ?????????????????????????????????????????????????? | | ?????????????????????????????????????????????????? | | ?????????????????????????????????????????????????? | | ?????????????????????????????????????????????????? | | ?????????????????????????????????????????????????? | | ???????????????????????? ???????????????????????? | | ???????????????????????? ???????????????????????? | | ???????????????????????? ??????????????????????? | | ???????????????????????# ??????????????????????? | | ???????????????????????# ??????????????????????? | | ???????????????????????# ??????????????????????? | | ???????????????????????# #??????????????????????? | | ????????????????????#### #??????????????????????? | | ????????????????????? #??????????????????????? | | ????????????????????? ###########????????????? | | ?????????????????????? # """ """ #????????????? | | ??????????????????????#! # """ """ #????????????? | | ##########????????????#%=!# """ """ #????????????? | | #????????????# k!# #????????????? | | #????????????#=k%# #????????????? | | #????????????# @# #????????????? | | """ #????????????# # [ #????????????? | | """"" #????????????#* # = % #????????????? | | """"" #???????????##%=g####+#########?????????? | | """"" #############%= #? #?????????? | | """ ? % # #?????????? | | """" # """ #?????????? | | % """" + """ #?????????? | | #################### """" # """ #?????????? | | #??????????????????# # #?????????? | | #????????????????### |!########?????????? | | ##???????????????# ! ??????????? | | #???????????????# ??????????? | | #????##########?# ] ??????????? | | #????# #?# ###############???????????? | | #????# #?# #?????????????????????????? | | #????# #?# #?????????????????????????? | | ####????# #?# #?????????????????????????? | | ######### #?# #?????????????????????????? | | + #?# #?????????????????????????? | | #### # #?# #?????????????????????????? | | # # #?# #?????????????????????????? | | + + #?# #?????????????????????????? | | # #####+####?# #?????????????????????????? | | # ### #### #?????????????????????????? | +----------------------------------------------------+ Best States ------------- Heat Dissipation 25 Energy Generation 10 Energy Capacity 250 Matter Stores 300 Matter Capacity 300 Sight Range 16 Robot Scan Range 14 Terrain Scan Density 10 Evasion (%) 40 Recoil Reduction 2 Item Schematics ----------------- None Robot Schematics ------------------ None Fabricated ------------ Nothing Alien Tech Used ----------------- None Achievements -------------- None Challenges ------------ None Game ------ Seed TrapZhirovPick Manual? 0 Play Time 00:12:10 Cumulative 44.4 hours Start 2024.11.10 @ 14:50:36 End 2024.11.10 @ 14:57:17 Sessions 1 Manual Loads 0 Difficulty Rogue Special Mode None Game No. 84 Rogue 84 Adventurer 0 Explorer 0 Win Type - Total 0 Types 0/0/0/0/0/0/0/0/0 Lore% 35 Gallery% 30 Achievement% 32 Wizard Run 0 Options --------- Layout 0 ASCII 0 Keyboard 0 Movement Mouse Keybinds 0 Fullscreen 1 Font 24/Smallcaps Map View 183x50 Zoom Use 49% Tactical HUD 1 Map Filters NONE Filters NONE Steam 1 RUN: 88b2cab8-0c03-4ce4-bd73-6e7005106cb0